 Dungeon Crawl Stone Soup version 0.23-a0-164-g7711e57 (webtiles) character file.

60 Amnesiac the Chiller (level 3, -2/24 HPs)
             Began as a Mummy Ice Elementalist on Sept 9, 2018.
             Slain by a gnoll (5 damage)
             ... on level 4 of the Dungeon.
             The game lasted 00:01:52 (1043 turns).

Amnesiac the Chiller (Mummy Ice Elementalist)       Turns: 1043, Time: 00:01:53

Health: -2/24      AC:  2    Str: 11    XL:     3   Next: 80%
Magic:  5/8        EV: 12    Int: 15    God:
Gold:   79         SH:  0    Dex: 12    Spells: 5/9 levels left

rFire    x . .     SeeInvis .   e - +1 war axe
rCold    + . .     Gourm    .   (no shield)
rNeg     + + +     Faith    .   a - +0 robe
rPois    ∞         Spirit   .   (no helmet)
rElec    .         Reflect  .   (no cloak)
rCorr    .         Harm     .   (no gloves)
MR       .....                  (no boots)
Stlth    +.........             (no amulet)
HPRegen  0.08/turn              g - ring of attention (curse)
MPRegen  0.11/turn              (no ring)

@: no status effects
A: no food or potions, fire vulnerability, cold resistance 1, negative energy
resistance 3, torment resistance, unbreathing
a: no special abilities


You were on level 4 of the Dungeon.
You were not hungry.

You visited 1 branch of the dungeon, and saw 4 of its levels.

You collected 79 gold pieces.

Inventory:

Hand Weapons
 e - a +1 war axe (weapon)
Armour
 a - a +0 robe (worn)
Jewellery
 g - a cursed ring of attention (left hand)
Scrolls
 b - a scroll of remove curse {!r}
 d - a scroll of amnesia {!r}
 f - a scroll of blinking {!r, unknown}


   Skills:
 - Level 1.5 Dodging
 - Level 1.5 Stealth
 + Level 3.5 Spellcasting
   Level 0.7 Conjurations
 * Level 3.6 Ice Magic


You had 5 spell levels left.
You knew the following spells:

 Your Spells              Type           Power        Failure   Level  Hunger
a - Freeze                Ice            ##..         4%          1    N/A
z - Ozocubu's Armour      Chrm/Ice       #.......     26%         3    N/A

Your spell library contained the following spells:

 Spells                   Type           Power        Failure   Level  Hunger
 Throw Frost              Conj/Ice       #.....       12%         2    N/A
 Throw Icicle             Conj/Ice       #.......     61%         4    N/A
 Summon Ice Beast         Ice/Summ       #.......     65%         4    N/A

Dungeon Overview and Level Annotations

Branches:
Dungeon (4/15)
 Temple: D:4-7

Altars:

Annotations:
D:2 Sigmund


Innate Abilities, Weirdness & Mutations

You do not eat or drink.
Your flesh is vulnerable to fire.
You are immune to poison.
Your flesh is cold resistant. (rC+)
You are immune to negative energy. (rN+++)
You are immune to unholy pain and torment.
You can survive without breathing.


Message History

HP restored.
You found a teleport trap!
d - 2 scrolls labeled PIYQEI RYATA {!r} (gained 1) Really read
b - 2 scrolls labeled KEVEGA RURRISAY {!r}?
As you read the scroll labeled KEVEGA RURRISAY {!r}, it crumbles to dust.
You feel blessed for a moment.
It was a scroll of remove curse {!r}.
Really read
d - 2 scrolls labeled PIYQEI RYATA {!r}?
As you read the scroll labeled PIYQEI RYATA {!r}, it crumbles to dust.
It is a scroll of amnesia.
Okay, then.
Unknown command.
Okay, then.
You aren't carrying any pieces of jewellery.
Unknown command.
Found a stone staircase leading up.
There is a stone staircase leading up here.
f - a scroll labeled POMPOCL XAACI {!r} You now have 79 gold pieces (gained 4).
Found a stone staircase leading down.
g - a scratched emerald ring Put on which piece of jewellery? (? for menu, Esc to quit)
Oops, that ring feels deathly cold.
g - a cursed ring of attention (left hand) Really read
c - a scroll labeled GORUSEE NO KESM {!r}?
As you read the scroll labeled GORUSEE NO KESM {!r}, it crumbles to dust.
It is a scroll of enchant weapon.
Your +0 war axe glows red for a moment.
You can't go up here!
There is a stone staircase leading up here.
There are no items here.
You climb upwards.
The ooze quivers.
The gnoll shouts! x3
A gnoll comes into view.
The gnoll hits you but does no damage.
Found a ring mail.
There is a stone staircase leading down here.
The gnoll hits you with a spear. The ooze hits you.
The gnoll barely misses you.
You climb downwards.
There is a stone staircase leading up here.
Casting: Freeze (safe; 4% risk of failure)
Confirm with . or Enter, or press ? or * to list all spells.
Aiming: Freeze (safe; 4% risk of failure)
Press: ? - help, Shift-Dir - straight line, f - gnoll
Aim: a gnoll, wielding a spear You freeze the gnoll.
The gnoll is heavily wounded.
The gnoll hits you with a spear. The ooze barely misses you.
The gnoll hits you.
Casting: Freeze (safe; 4% risk of failure)
Confirm with . or Enter, or press ? or * to list all spells.
Aiming: Freeze (safe; 4% risk of failure)
Press: ? - help, Shift-Dir - straight line, f/p - gnoll
Aim: a gnoll, wielding a spear (heavily wounded)
You freeze the gnoll.
You kill the gnoll!
The gnoll hits you.
* * * LOW HITPOINT WARNING * * *
The ooze hits you.
* * * LOW HITPOINT WARNING * * *
Unknown command.
The gnoll hits you.
You die...

#...## ##.######
.....# ###.# .....#
#...# #....# #.###
#....## #.#
#.....######### #.#
####..#.. ...# #J#
......#.#####.###<#
#####.#.##......@g#
### #......##.#####
..# ###.#####.#
#.## #.......# ...#
#.......# #..#
######### ...# .#.#
.#.##


You could see a gnoll and an ooze.

Vanquished Creatures
  Natasha (D:2)
  A hound skeleton (D:4)
  A gnoll (D:4)
  A dart slug (D:1)
  A leopard gecko (D:2)
  A bat (D:3)
  2 giant cockroaches
  A hobgoblin (D:2)
  A frilled lizard (D:2)
  A goblin (D:2)
  A rat (D:1)
12 creatures vanquished.

Notes
Turn   | Place    | Note
-------+----------+-------------------------------------------
     0 | D:1      | Amnesiac the Mummy Ice Elementalist began the quest for the
                  | Orb.
     0 | D:1      | Reached XP level 1. HP: 13/13 MP: 4/4
   376 | D:2      | Reached XP level 2. HP: 13/19 MP: 0/5
   502 | D:2      | Noticed Sigmund
   539 | D:2      | Noticed Natasha
   546 | D:2      | Noticed a crimson imp
   547 | D:2      | Killed Natasha
   547 | D:2      | Reached XP level 3. HP: 22/24 MP: 1/7
   679 | D:3      | Learned a level 3 spell: Ozocubu's Armour
  1043 | D:4      | Slain by a gnoll

Vault maps used:
D:1:      dpeg_arrival_tiny_a
D:2:      first_ration, uniq_natasha, uniq_sigmund
D:3:      led_sif_pool, lemuel_coloured_pillars_altar,
          grunt_temple_overflow_open, serial_glass, glass_columns_c,
          glass_columns_b, glass_columns_a, glass_columns_c, glass_columns_b,
          glass_columns_a, glass_columns_a, glass_columns_a, feat_on_display,
          minmay_strange_pillars, minmay_strange_pillars,
          minmay_misc_feat_cross, grunt_ministairs_9
D:4:      cheibrodos_pilgrimage, uniq_menkaure

Skill      XL: |  1  2 |
---------------+-------+-----
Spellcasting   | 3 |  3.5
Ice Magic      | 3 |  3.6
Dodging        | |  1.5
Stealth        | |  1.5
Conjurations   | |  0.7

Action                   || total
-------------------------++-------
Melee: Unarmed           ||     3
       War axe           ||     8
 Cast: Freeze            ||    27
  Use: Scroll            ||     3
Armor: Robe              ||    15
Dodge: Dodged            ||    42

Table legend:
 A = Non-vault XP
 B = Vault XP
 C = Vault XP percentage of total XP
 D = Non-vault monster count
 E = Vault monster count
 F = Vault count percentage of total count
                 A         B        C        D         E       F
            +---------+---------+-------+---------+---------+-------
      Total |      36 |      50 |  58.1 |      10 |       2 |  16.7
            +---------+---------+-------+---------+---------+-------
        D:1 |       7 |       0 |   0.0 |       3 |       0 |   0.0
        D:2 |       9 |      36 |  80.0 |       5 |       1 |  16.7
        D:3 |       2 |       0 |   0.0 |       1 |       0 |   0.0
        D:4 |      18 |      14 |  43.8 |       1 |       1 |  50.0
            +---------+---------+-------+---------+---------+-------
